 Dungeon Crawl Stone Soup version 0.29.1-15-g9cfb28693d (webtiles) character file.

Game seed: 9164304509364181213

31 hawla the Firebug (level 3, 0/26 HPs)
             Began as a Meteoran Fire Elementalist on Apr 22, 2023.
             Killed by divine providence
             ... invoked by an orc priest
              (14 damage)
             ... on level 4 of the Dungeon.
             The game lasted 00:01:56 (202 turns).

hawla the Firebug (Meteoran Fire Elementalist)       Turns: 202, Time: 00:01:57

Health: 0/26       AC:  2    Str: 10    XL:     3   Next: 61%
Magic:  4/8        EV: 12    Int: 18    God:
Gold:   19         SH:  0    Dex: 14    Spells: 5/8 levels left

rFire   . . .      SeeInvis .   (no weapon)
rCold   . . .      Faith    .   (no shield)
rNeg    . . .      Spirit   .   a - +0 robe
rPois   .          Reflect  .   (no helmet)
rElec   .          Harm     .   (no cloak)
rCorr   .          Rampage  .   (no gloves)
Will    .....                   (no boots)
Stlth   +.........              (no amulet)
HPRegen 0.08/turn               (no ring)
MPRegen 0.11/turn               (no ring)

@: glowing
A: sense surroundings 1, otherworldly, glowing, explore regen
a: no special abilities


You were on level 4 of the Dungeon.
You visited 1 branch of the dungeon, and saw 3 of its levels.

You collected 19 gold pieces.

Inventory:

Armour
 a - a +0 robe (worn)
Scrolls
 e - a scroll of butterflies {unknown}
Potions
 b - a potion of magic
 c - a potion of mutation {unknown}
 d - 2 potions of haste {unknown}
 f - a potion of cancellation {unknown}


   Skills:
 + Level 2.5 Dodging
 - Level 1.4 Stealth
 + Level 3.0 Spellcasting
 + Level 1.4 Conjurations
 + Level 4.8 Fire Magic


You had 5 spell levels left.
You knew the following spells:

 Your Spells              Type           Power      Damage    Failure   Level
a - Foxfire               Conj/Fire      56%        2x1d6     4%          1
b - Scorch                Fire           40%        2d7       3%          2

Your spell library contained the following spells:

 Spells                   Type           Power      Damage    Failure   Level
 Conjure Flame            Conj/Fire      14%        6-21      14%         3
 Inner Flame              Hex/Fire       11%        N/A       19%         3
 Flame Wave               Conj/Fire      14%        2d6       41%         4
 Leda's Liquefaction      Hex/Erth       1%         N/A       85%         4
 Lee's Rapid Deconstruct  Erth           1%         3d5*      99%         5
 Statue Form              Tmut/Erth      1%         N/A       100%        6


Dungeon Overview and Level Annotations

Branches:
Dungeon (4/15) Zot: 1597
 Temple: D:4-7

Altars:


Innate Abilities, Weirdness & Mutations

You passively map a small area around you.
You are easily found by Zot.
You glow in the dark.
You regain HP and MP as you explore.


Message History

The orc shouts!
The orc priest shouts!
You hear a shout!
You hear a bark!
An orc priest comes into view. It is wielding a +0 mace.
The orc priest moves out of view.
There is a stone staircase leading up here.
A jackal comes into view.
Casting: Scorch (safe; 3% risk of failure)
Confirm with . or Enter, or press ? or * to list all spells.
You conjure some foxfire!
Casting: Foxfire (safe; 4% risk of failure)
Confirm with . or Enter, or press ? or * to list all spells.
You conjure some foxfire!
The foxfire hits the orc priest but does no damage. x2
Unknown command.
Casting: Foxfire (safe; 4% risk of failure)
Confirm with . or Enter, or press ? or * to list all spells.
Flames lash the orc.
The orc is almost dead.
The orc's fire resistance burns away.
The foxfire hits the orc priest but does no damage.
The foxfire hits the orc priest.
The orc priest is moderately wounded.
A jackal comes into view.
The orc priest invokes the aid of Beogh against you.
Beogh smites you!
Ouch! That really hurt!
Casting: Scorch (safe; 3% risk of failure)
Confirm with . or Enter, or press ? or * to list all spells.
You conjure some foxfire!
A jackal comes into view.
The foxfire hits the jackal.
The jackal is severely wounded.
The orc priest miscasts a cantrip.
The foxfire hits the orc.
You kill the orc!
The orc priest looks satisfied for a moment.
Unknown command.
The orc priest invokes the aid of Beogh against you.
Beogh smites you!
Ouch! That really hurt!
You die...

* #..# # #..# *
#. *###..## , , ,
* ,.##.....# * ,
* , ,, .......# ,
* . ,*, #.....#**
* ,*#.. *
#....###### * ,,
#...#*#..........
* *
.....o#@#.#......
.....o).### ..#..
......h.#*,,,##*
* ......#.. * *
...../##.# ,
...h## ## * * * ,
..h. , ... , , ,
.. *


You could see an orc priest and 3 jackals.

Vanquished Creatures
  2 adders (D:2)
  An orc (D:4)
  2 bats (D:2)
  4 endoplasms
  A kobold (D:2)
  2 frilled lizards (D:2)
12 creatures vanquished.

Vanquished Creatures (others)
  28 foxfires
28 creatures vanquished.

Grand Total: 40 creatures vanquished

Notes
Turn   | Place    | Note
-------+----------+-------------------------------------------
     0 | D:1      | hawla the Meteoran Fire Elementalist began the quest for
                  | the Orb.
     0 | D:1      | Reached XP level 1. HP: 14/14 MP: 5/5
    70 | D:2      | Reached skill level 4 in Fire Magic
    70 | D:2      | Reached XP level 2. HP: 20/20 MP: 2/6
    73 | D:2      | Learned a level 2 spell: Scorch
   139 | D:2      | Reached XP level 3. HP: 12/26 MP: 6/8
   193 | D:2      | You fall into a shaft and drop 2 floors!
   202 | D:4      | Killed from afar by an orc priest

Illustrated notes

Levels and vault maps discovered:
D:1:      co_arrival_random_square_maze, layout_loops_ring,
          ebering_ecumenical_altar_mist, minmay_pentomino_p4
D:2:      minmay_inner_zag, layout_basic, basic_altar, minivault_19,
          roderic_serpentine_path, serial_bayou_pond_e,
          kennysheep_generic_room_12
D:4:      layout_cave_pools, mainiacjoe_overflow_paths,
          mainiacjoe_overflow_concentric_impassable,
          mainiacjoe_overflow_tiny_flanked, uniq_edmund, uniq_duvessa, uniq_ijyb

Skill      XL: |  1  2 |
---------------+-------+-----
Fire Magic     | 4 |  4.8
Spellcasting   | 3 |  3.0
Dodging        | |  2.5
Stealth        | |  1.4
Conjurations   | |  1.4

Action                   || total
-------------------------++-------
Melee: Unarmed           ||    12
 Cast: Foxfire           ||    24
       Scorch            ||     3
Armor: Robe              ||    20
Dodge: Dodged            ||    25
